AoeStats
← 变强先斩欲

Arena

510291388Analyzed
3v3 RM · 7h ago on Sep 30, 2026· 50m 14s· 6 players
Game mode
Random Map
Map size
Normal (6 player)
Population
200
Speed
Normal
Resources
Standard
Victory
Conquest
Starting age
Dark Age
Ending age
Imperial Age
RankedLock teamsTeams togetherTeam positionsShared explorationLock speedFull tech treeHidden civsTurbo modeCheats
Victory
Defeat
🇧🇾 Turks · Belarus
935
+17
🇫🇷 Burmese · France
914
+18
🇹🇷 Burgundians · Türkiye
884
+19
🇹🇷 Poles · Türkiye
1006
-20
🇨🇳 Persians · China
922
-17
🇨🇳 Georgians · China
921
-17
Sadin Kopek
10:22 Feudal Age
9:43 Double-Bit Axe
11:40 Bow Saw
16:16 Castle Age
14:31 Horse Collar
15:12 Gold Mining
19:36 Gold Shaft Mining
19:19 Loom
20:11 Wheelbarrow
19:37 Stone Mining
22:12 Heavy Plow
23:35 Treadmill Crane
27:34 Imperial Age
26:38 Gold Shaft Mining
26:04 Town Watch
26:37 Hand Cart
26:42 Scale Barding Armor
27:35 Crop Rotation
29:50 Two-Man Saw
29:20 Cavalier
30:21 Chain Barding Armor
30:04 Town Patrol
30:58 Forging
31:05 Paladin
34:32 Chemistry
34:09 Plate Barding Armor
34:43 Scale Mail Armor
36:58 Iron Casting
37:06 Pikeman
37:47 Squires
38:49 Blast Furnace
38:27 Fortified Wall
38:10 Halberdier
39:24 Chain Mail Armor
42:53 Plate Mail Armor
44:21 Arson
45:25 Conscription
45:17 Burgundian Vineyards
chazychaz
10:36 Feudal Age
12:14 Horse Collar
14:56 Castle Age
15:37 Heavy Plow
18:01 Wheelbarrow
20:39 Hand Cart
20:19 Town Watch
23:14 Scale Barding Armor
23:53 Gold Mining
25:52 Bloodlines
25:42 Husbandry
27:59 Chain Barding Armor
28:11 Loom
28:49 Forging
28:30 Fletching
28:33 Pikeman
29:15 Squires
29:00 Elite Skirmisher
29:45 Padded Archer Armor
30:22 Iron Casting
30:40 Gold Shaft Mining
29:56 Stone Mining
32:46 Imperial Age
33:13 Bodkin Arrow
34:33 Bracer
35:09 Plate Barding Armor
36:33 Crop Rotation
37:16 Chemistry
35:57 Treadmill Crane
36:38 Ballistics
36:13 Murder Holes
37:45 Masonry
37:05 Elite Battle Elephant
37:08 Light Cavalry
38:55 Blast Furnace
37:58 Halberdier
38:46 Scale Mail Armor
39:31 Siege Engineers
40:36 Chain Mail Armor
40:18 Herbal Medicine
40:05 Hussar
41:45 Architecture
42:22 Town Patrol
43:04 Conscription
42:45 Howdah
43:35 Parthian Tactics
42:30 Heavy Cavalry Archer
44:07 Manipur Cavalry
44:56 Elite Arambai
48:29 Plate Mail Armor
Ezer
0:28 Loom
12:47 Feudal Age
16:39 Castle Age
15:26 Double-Bit Axe
16:09 Gold Mining
16:07 Horse Collar
27:07 Padded Archer Armor
27:05 Fletching
31:05 Ballistics
31:47 Wheelbarrow
32:28 Leather Archer Armor
37:00 Imperial Age
35:45 Bow Saw
36:05 Town Watch
36:34 Forging
36:29 Scale Barding Armor
36:27 Husbandry
36:38 Bloodlines
38:24 Gold Shaft Mining
38:00 Heavy Plow
38:16 Heavy Camel Rider
40:07 Chain Barding Armor
41:39 Iron Casting
41:40 Plate Barding Armor
42:02 Hand Cart
43:22 Blast Furnace
42:52 Stone Mining
44:49 Two-Man Saw
49:02 Masonry
49:04 Fortified Wall
顺手牵羊
8:47 Loom
10:41 Feudal Age
11:31 Horse Collar
11:37 Double-Bit Axe
17:55 Castle Age
16:00 Stone Mining
19:22 Stone Shaft Mining
20:21 Bow Saw
20:13 Heavy Plow
25:08 Fletching
25:34 Gold Mining
40:43 Gold Shaft Mining
47:09 Bodkin Arrow
变强先斩欲
0:34 Loom
10:36 Feudal Age
12:40 Double-Bit Axe
17:35 Castle Age
22:40 Horse Collar
23:39 Bow Saw
29:45 Imperial Age
27:51 Wheelbarrow
28:09 Scale Mail Armor
27:33 Pikeman
28:13 Squires
28:27 Forging
28:39 Gold Mining
29:55 Hand Cart
30:50 Conscription
31:58 Aznauri Cavalry
32:24 Stone Mining
32:53 Fortified Wall
34:46 Masonry
34:45 Elite Monaspa
35:27 Halberdier
36:53 Onager
37:40 Guard Tower
37:31 Treadmill Crane
38:21 Architecture
37:48 Murder Holes
38:15 Ballistics
39:55 Chain Mail Armor
40:15 Iron Casting
39:55 Caravan
40:02 Heavy Plow
40:24 Svan Towers
43:09 Keep
42:58 Bloodlines
42:48 Husbandry
45:08 Plate Mail Armor
45:38 Blast Furnace
45:48 Crop Rotation
45:33 Light Cavalry
47:36 Coinage
47:17 Guilds
Kanuni_ibrahim_dede
10:28 Feudal Age
16:53 Castle Age
15:09 Stone Mining
15:19 Double-Bit Axe
17:22 Horse Collar
21:00 Bloodlines
20:51 Husbandry
21:45 Szlachta Privileges
26:48 Heavy Plow
27:37 Loom
28:29 Wheelbarrow
28:58 Scale Mail Armor
29:04 Scale Barding Armor
29:10 Forging
32:13 Chain Mail Armor
32:18 Chain Barding Armor
32:34 Iron Casting
34:18 Hand Cart
38:00 Imperial Age
36:59 Light Cavalry
39:23 Conscription
39:24 Lechitic Legacy
38:29 Winged Hussar
40:09 Plate Mail Armor
40:40 Blast Furnace
41:27 Crop Rotation
42:26 Cavalier
47:27 Chemistry
Connection lost

Rejoining the realm…

Still unreachable

The connection could not be restored.

Session expired

The server has moved on; the page needs a fresh start.